 Dungeon Crawl Stone Soup version 0.24.0-123-gd5b16e6ec5 (webtiles) character file.

Game seed: 18405616686562805638, levelgen mode: deterministic

17 ploerhuhn the Firebug (level 2, 0/19 HPs)
             Began as a Human Fire Elementalist on Jan 24, 2020.
             Slain by an iguana (3 damage)
             ... on level 2 of the Dungeon.
             The game lasted 00:06:18 (872 turns).

ploerhuhn the Firebug (Human Fire Elementalist)      Turns: 872, Time: 00:06:19

Health: 0/19       AC:  4    Str:  8    XL:     2   Next: 80%
Magic:  1/5        EV: 12    Int: 15    God:
Gold:   18         SH:  0    Dex: 13    Spells: 4/5 levels left

rFire    . . .     SeeInvis .   e - +0 dagger
rCold    . . .     Gourm    .   (no shield)
rNeg     . . .     Faith    .   a - +0 robe
rPois    .         Spirit   .   d - +0 helmet
rElec    .         Reflect  .   (no cloak)
rCorr    .         Harm     .   (no gloves)
MR       .....                  h - +0 pair of boots
Stlth    ++........             (no amulet)
HPRegen  0.06/turn              f - ring of flight
MPRegen  0.09/turn              (no ring)

@: no status effects
A: no striking features
a: Evoke Flight


You were on level 2 of the Dungeon.
You were not hungry.

You visited 1 branch of the dungeon, and saw 2 of its levels.

You collected 18 gold pieces.

Inventory:

Hand Weapons
 e - a +0 dagger (weapon)
 p - a +0 short sword of holy wrath
Missiles
 g - 100 stones (quivered)
Armour
 a - a +0 robe (worn)
 d - a +0 helmet (worn)
 h - a +0 pair of boots (worn)
Jewellery
 f - a ring of flight (left hand)
Scrolls
 b - 2 scrolls of fear {unknown}
 i - a scroll of magic mapping {unknown}
 k - a scroll of noise {unknown}
 l - a scroll of identify {unknown}
 m - a scroll of teleportation {unknown}
 o - 2 scrolls of amnesia {unknown}
Potions
 j - a potion of invisibility {unknown}
 n - a potion of haste {unknown}
Comestibles
 c - 6 rations


   Skills:
 + Level 2.0 Dodging
 + Level 2.1 Stealth
 + Level 2.4 Spellcasting
 + Level 1.0 Conjurations
 + Level 3.3 Fire Magic


You had 4 spell levels left.
You knew the following spells:

 Your Spells              Type           Power        Failure   Level  Hunger
a - Flame Tongue          Conj/Fire      #....        9%          1    #......

Your spell library contained the following spells:

 Spells                   Type           Power        Failure   Level  Hunger
 Throw Flame              Conj/Fire      #.....       13%         2    ###....
 Conjure Flame            Conj/Fire      #.......     26%         3    ###....
 Inner Flame              Hex/Fire       #.......     32%         3    ###....
 Sticky Flame             Conj/Fire      #.......     65%         4    #####..
 Fireball                 Conj/Fire      #.........   94%         5    ######.


Dungeon Overview and Level Annotations

Branches:
Dungeon (2/15)

Altars:
Hepliaklqana


Message History

You hit the iguana but do no damage.
The iguana is heavily wounded.
The iguana closely misses you.
You closely miss the iguana.
The iguana is heavily wounded.
The iguana bites you!
Ouch! That really hurt!
* * * LOW HITPOINT WARNING * * *
You are too injured to fight recklessly!
Casting: Flame Tongue (safe; 9% risk of failure)
Confirm with . or Enter, or press ? or * to list all spells.
Aiming: Flame Tongue (safe; 9% risk of failure)
Press: ? - help, Shift-Dir - straight line, f/p - iguana
Aim: an iguana (heavily wounded)
The flame tongue hits the iguana but does no damage.
The iguana is heavily wounded.
The iguana closely misses you. The iguana barely misses you.
The iguana bites you.
You die...

#................................
#.#.########.........##..........
#.#.# ############..........
#.#.############## #..........
#.#.##...........# #..........
#.#.##...........# #######.###
#.#.#########....# #.# # #.#.#
##_## #..l.############.###
#.#.##8...8##..†@#...............
..#.##.....##......##############
#####8.....8#....###
##.....##....# ...##
#8...8##....#...[...#
##.....##....# ......#
8..$$.8#....# ......#
#.....##...## ....# 8...8
#...####...#


You could see an iguana.

Vanquished Creatures
  A dart slug (D:2)
  2 hobgoblins (D:1)
  2 frilled lizards
  5 goblins
  3 kobolds
  2 rats
15 creatures vanquished.

Notes
Turn   | Place    | Note
-------+----------+-------------------------------------------
     0 | D:1      | ploerhuhn the Human Fire Elementalist began the quest for
                  | the Orb.
     0 | D:1      | Reached XP level 1. HP: 13/13 MP: 3/3
   189 | D:1      | Reached XP level 2. HP: 19/19 MP: 1/5
   742 | D:2      | Found a hazy altar of Hepliaklqana.
   872 | D:2      | Slain by an iguana

Levels and vault maps discovered:
D:1:      nzn_arrival_crosshair, layout_basic
D:2:      kennysheep_six_static_rooms, layout_basic,
          nicolae_overflow_hidden_temple

Action                   || total
-------------------------++-------
Melee: Dagger            ||     5
 Cast: Flame Tongue      ||    29
  Use: Scroll            ||     2
Armor: Robe              ||     2
Dodge: Dodged            ||    11
